Map: Central Protocol

Players

llllllllllll

  • Race: Protoss Protoss
  • League: Master

Miszu - Winner!

  • Race: Zerg Zerg
  • League: Master

VOD

Have the link to the VOD?

Description

Time

  • Played on: March 16, 2016, 4:40 p.m.
  • Length: 13:30
Show
View Real Time Build Order
Export as new Build Order

llllllllllll Protoss 

Build Orders: Zealot Archon, Dark Templar Rush 

Get SALT Encoding   

  12  0:01  Probe (Chrono Boost)  
  13  0:11  Probe (Chrono Boost)  
  14  0:20  Pylon  
  14  0:23  Probe (Chrono Boost)  
  15  0:38  Probe (Chrono Boost)  
  15  0:42  Gateway  
  16  0:49  Probe (Chrono Boost), Assimilator  
  17  0:56  Assimilator  
  17  0:59  Probe (Chrono Boost)  
  18  1:10  Probe (Chrono Boost)  
  19  1:15  Pylon  
  19  1:23  Gateway  
  19  1:30  Zealot (Chrono Boost)  
  21  1:39  Cybernetics Core  
  21  1:43  Probe  
  22  1:55  Pylon, Probe (Chrono Boost)  
  23  2:16  Adept, Stalker  
  23  2:21  Mothership Core (Chrono Boost)  
  29  2:24  Warp Gate (Chrono Boost)  
  29  2:36  Twilight Council  
  29  2:56  Gateway  
  29  3:02  Adept x2  
  33  3:16  Dark Shrine  
  33  3:28  Probe  
  33  3:30  Pylon  
  34  4:11  Gateway  
  34  4:31  Dark Templar x3  
  40  4:48  Nexus  
  40  5:04  Adept x2, Dark Templar  
  46  5:16  Archon  
  46  5:17  Archon  
  46  5:21  Pylon  
  46  5:22  Pylon  
  46  5:42  Stalker  
  46  5:43  Stalker x2  
  46  5:45  Probe  
  51  5:57  Probe  
  48  6:26  Probe  
  48  6:32  Stalker x4  
  53  6:38  Probe x2  
  55  6:50  Probe  
  52  6:55  Blink (Chrono Boost)  
  52  6:59  Adept x2  
  56  7:24  Stalker x4  
  56  7:29  Probe x2  
  66  7:34  Assimilator  
  66  7:41  Probe x2  
  68  7:53  Probe x2  
  68  7:54  Gateway  
  70  8:05  Probe x2  
  72  8:19  Assimilator  
  70  8:22  Stalker x4  
  70  8:26  Probe x2 (Chrono Boost)  
  78  8:51  Pylon  
  78  8:53  Pylon  
  78  8:56  Robotics Facility  
  78  8:57  Pylon  
  78  8:58  Forge  
  78  9:09  Probe (Chrono Boost)  
  79  9:12  Stalker x3  
  79  9:16  Stalker  
  87  9:18  Protoss Ground Weapons Level 1  
  87  9:43  Observer (Chrono Boost)  
  88  9:46  Probe  
  88  9:47  Gateway, Probe  
  88  9:48  Stalker  
  88  9:49  Pylon, Stalker x2  
  80  10:26  Zealot  
  80  10:27  Stalker x4  
  90  10:33  Immortal (Chrono Boost)  
  88  11:01  Stalker  
  88  11:02  Stalker x4  
  88  11:03  Probe x2  
  100  11:08  Immortal (Chrono Boost)  
  104  11:15  Probe  
  105  11:28  Probe  
  106  11:45  Pylon  
  106  11:47  Pylon, Stalker  
  106  11:48  Stalker  
  104  12:21  Stalker  
  104  12:22  Stalker x3  
  100  12:28  Sentry x2  
  105  12:30  Immortal (Chrono Boost)  
  105  12:34  Nexus  
  105  12:36  Pylon  
  99  12:49  Stalker x2  
  86  13:01  Stalker  
  86  13:02  Stalker x3  
Show
View Real Time Build Order
Export as new Build Order

Miszu Zerg - Winner!

Build Orders: Pool First 

Get SALT Encoding   

  12  0:01  Drone  
  13  0:08  Drone  
  13  0:11  Extractor  
  13  0:16  Drone  
  14  0:33  Spawning Pool  
  13  0:41  Overlord  
  13  0:46  Drone  
  14  1:02  Drone  
  14  1:03  Drone x2  
  17  1:20  Queen  
  19  1:35  Zergling x4  
  21  1:44  Overlord  
  21  1:52  Hatchery  
  20  1:55  Zergling x2  
  22  2:01  Zergling x2  
  22  2:09  Zergling x2  
  23  2:20  Zergling x2  
  24  2:34  Zergling x6  
  27  2:37  Zergling x2  
  27  2:40  Pneumatized Carapace  
  28  2:48  Zergling x2  
  29  3:04  Queen  
  29  3:05  Overlord  
  31  3:08  Drone  
  32  3:14  Drone x3  
  32  3:15  Drone  
  36  3:24  Hatchery  
  35  3:37  Drone  
  35  3:38  Drone x3  
  39  3:42  Drone x2  
  41  3:50  Drone x2  
  43  3:57  Extractor  
  43  4:00  Spore Crawler  
  41  4:05  Roach Warren  
  40  4:12  Overlord  
  40  4:15  Metabolic Boost  
  40  4:24  Overlord  
  40  4:37  Spore Crawler  
  39  4:49  Roach x4  
  39  4:51  Drone x4  
  52  4:56  Drone x2  
  55  5:00  Roach  
  55  5:04  Roach  
  56  5:15  Overlord, Lair  
  56  5:17  Drone  
  56  5:20  Drone  
  58  5:22  Drone  
  58  5:27  Overlord  
  59  5:30  Extractor  
  59  5:31  Drone  
  56  5:41  Roach x3  
  60  5:42  Roach  
  60  5:46  Roach  
  60  5:49  Roach  
  64  5:52  Roach  
  66  6:04  Roach x3  
  64  6:10  Roach  
  62  6:21  Roach  
  62  6:22  Roach  
  62  6:24  Drone x4  
  66  6:35  Drone x4  
  66  6:37  Drone  
  71  6:43  Overseer  
  70  6:47  Drone x2  
  70  6:48  Drone  
  70  6:56  Drone x3  
  70  6:58  Drone  
  70  7:00  Drone  
  75  7:08  Drone  
  76  7:09  Overlord  
  72  7:28  Overlord  
  72  7:31  Hatchery  
  72  7:33  Glial Reconstitution  
  72  7:36  Roach  
  72  7:47  Roach  
  72  7:48  Roach x3  
  72  7:50  Roach  
  72  7:51  Roach  
  84  7:56  Roach x4  
  92  8:15  Overlord x2  
  92  8:24  Overlord  
  92  8:28  Hatchery  
  92  8:34  Drone, Evolution Chamber  
  90  8:35  Drone x4  
  95  8:49  Roach  
  95  8:50  Roach x5  
  107  8:58  Drone x2  
  107  8:59  Zerg Missile Weapons Level 1  
  107  9:15  Hydralisk Den  
  107  9:16  Zergling x20  
  112  9:43  Hatchery  
  111  9:47  Hydralisk  
  111  9:48  Hydralisk x4  
  115  10:00  Hydralisk  
  115  10:01  Hydralisk x3  
  115  10:02  Zergling x2  
  102  10:35  Queen  
  98  10:36  Hydralisk Den  
  98  10:37  Queen  
  98  11:01  Drone x15  
  113  11:10  Muscular Augments  
  113  11:17  Hydralisk  
  115  11:20  Overseer  
  115  11:31  Overlord  
  115  11:36  Hydralisk  
  117  11:40  Hydralisk  
  117  11:43  Overlord  
  117  11:45  Hydralisk  
  121  11:51  Overlord  
  121  11:53  Extractor  
  121  11:54  Extractor, Hydralisk  
  121  12:03  Hydralisk  
  121  12:04  Hydralisk  
  123  12:23  Hydralisk x3  
  123  12:26  Hydralisk  
  131  12:30  Spore Crawler  
  131  12:35  Overlord x2  
  120  12:45  Hydralisk  
  120  12:46  Hydralisk x2, Hatchery  
  113  13:00  Hydralisk x3  
  117  13:09  Zergling x10  
  117  13:11  Zergling x2  
Tags
 
Add a new tag
Caveats
  • Supply blocks, unpowered buildings, or Contaminate may cause inaccurate times.
  • Supply counts are checked every 10 seconds.